 Dungeon Crawl Stone Soup version 0.29.1-14-g9c671dbff4 (webtiles) character file.

Game seed: 1908348923663244801

896 adizb the Trooper (level 7, -5/62 HPs)
             Began as a Palentonga Fighter on Feb 14, 2023.
             Slain by a small abomination (6 damage)
             ... on level 1 of the Abyss.
             The game lasted 00:18:33 (2582 turns).

adizb the Trooper (Palentonga Fighter)              Turns: 2582, Time: 00:18:34

Health: -5/62      AC: 21    Str: 24    XL:     7   Next: 78%
Magic:  7/7        EV:  7    Int:  8    God:
Gold:   155        SH:  6    Dex:  9    Spells: 6/6 levels left

rFire   . . .      SeeInvis +   a - +0 war axe
rCold   + . .      Faith    .   c - +2 buckler
rNeg    . . .      Spirit   .   b - +0 scale mail
rPois   .          Reflect  .   v - +2 helmet
rElec   .          Harm     .   j - +2 cloak
rCorr   .          Rampage  .   h - +0 pair of gloves
Will    .....                   (no barding)
Stlth   ..........              o - amulet of the acrobat
HPRegen 0.20/turn               g - ring of protection from cold
MPRegen 0.10/turn               s - +4 ring of slaying

@: curled up
A: large, rugged brown scales 3, see invisible, deformed body, roll 1, armoured
tail, reflexive curl
a: Rolling Charge


You were on level 1 of the Abyss.
You visited 1 branch of the dungeon, and saw 4 of its levels.
You visited the Abyss 1 time.

You collected 155 gold pieces.

Inventory:

Hand Weapons
 a - a +0 war axe (weapon)
Armour
 b - a +0 scale mail (worn)
 c - a +2 buckler (worn)
 h - a +0 pair of gloves (worn)
 j - a +2 cloak (worn)
 v - a +2 helmet (worn)
Jewellery
 g - a ring of protection from cold (left hand)
 o - an amulet of the acrobat (around neck)
 s - a +4 ring of slaying (right hand)
Scrolls
 f - a scroll of poison {unknown}
 l - a scroll of enchant armour
 m - a scroll of vulnerability {unknown}
 p - a scroll of amnesia {unknown}
 q - a scroll of teleportation {unknown}
 r - a scroll of blinking
 u - a scroll of enchant weapon {unknown}
Potions
 d - 4 potions of might
 e - a potion of magic {unknown}
 i - a potion of ambrosia
 k - a potion of resistance {unknown}
 n - 3 potions of mutation {unknown}
 t - 2 potions of curing
 w - a potion of brilliance {unknown}


   Skills:
 * Level 6.0 Fighting
 * Level 5.3 Axes
 + Level 3.8 Armour
 + Level 4.2 Shields


You had 6 spell levels left.
You didn't know any spells.
Your spell library contained the following spells:

 Spells                   Type           Power      Damage    Failure   Level
 Blink                    Tloc           0%         N/A       88%         2
 Manifold Assault         Tloc           0%         N/A       100%        5
 Storm Form               Tmut/Air       0%         N/A       100%        7


Dungeon Overview and Level Annotations

Branches:
Dungeon (4/15)
 Temple: D:4-7

Altars:
Kikubaaqudgha

Annotations:
D:4 ssalbiz's ghost, amateur DjFE


Innate Abilities, Weirdness & Mutations

You are completely covered in rugged brown scales. (AC +3, +7% HP)
You have supernaturally acute eyesight. (SInv)
Armour fits poorly on your strangely shaped body.
You can roll at nearby foes to attack.
You have a long armoured tail.
You curl defensively after being hit. (AC +7*)


Message History

You hear a distant slurping noise.
A small abomination comes into view.
Roll where?
Press: ? - help, Q - select action Dir - move target, f - small abomination
Aim: a small abomination You roll forward with a clatter of scales!
You hit the small abomination.
The small abomination is lightly damaged.
The small abomination barely misses you.
The small abomination hits you but does no damage.
You completely miss the small abomination.
You tail-slap the small abomination!
The small abomination is heavily damaged.
You block the small abomination's attack.
The small abomination hits you but does no damage.
You closely miss the small abomination.
The small abomination is heavily damaged.
The small abomination hits you but does no damage.
You barely miss the small abomination.
The small abomination is heavily damaged.
The small abomination hits you.
You block the small abomination's attack.
You slash the small abomination!
The small abomination is almost destroyed.
The small abomination hits you.
You hit the small abomination but do no damage.
The small abomination is almost destroyed.
The small abomination hits you!
* * * LOW HITPOINT WARNING * * *
A flying skull comes into view.
The small abomination hits you but does no damage.
You closely miss the small abomination.
The flying skull gives a hideous shriek!
Your tail-slap misses the small abomination.
The small abomination is almost destroyed.
You hear a hideous shriek! x2
The small abomination hits you!
* * * LOW HITPOINT WARNING * * *
The small abomination hits you.
You die...

## #..##.###.# ###
#z.x@..####...
#..##.#.#..########
#..
#...#..##.#..#.##
##
#.#.#.#...#..#... #
####.###.##.## #.#
#. ##. # # #..#.# #
.#.##...#.##. #
.#....#. #


You could see a small abomination and a flying skull.

Vanquished Creatures
  Grinder (D:3)
  2 small abominations (Abyss:1)
  A kobold brigand (D:4)
  3 vampire bats (D:3)
  A howler monkey (D:4)
  A hound (D:4)
  Terence (D:3)
  Ijyb (D:3)
  Robin (D:3)
  3 gnolls (D:4)
  4 adders
  A worm (D:4)
  5 ball pythons
  2 bat skeletons (D:3)
  5 bat zombies (D:3)
  5 endoplasms
  A giant cockroach (D:3)
  16 goblins
  9 hobgoblins
  4 jackals (D:1)
  2 quokkas
  4 bats
  2 frilled lizards (D:3)
  8 kobolds
  7 rats
90 creatures vanquished.

Notes
Turn   | Place    | Note
-------+----------+-------------------------------------------
     0 | D:1      | adizb the Palentonga Fighter began the quest for the Orb.
     0 | D:1      | Reached XP level 1. HP: 19/19 MP: 1/1
    68 | D:1      | Found a faded altar of an unknown god.
   132 | D:1      | Reached XP level 2. HP: 9/25 MP: 2/2
   939 | D:2      | Reached XP level 3. HP: 16/31 MP: 3/3
  1788 | D:3      | Reached XP level 4. HP: 39/39 MP: 4/4
  1855 | D:3      | Noticed Robin
  1871 | D:3      | Killed Robin
  1918 | D:3      | Noticed Ijyb
  1932 | D:3      | Killed Ijyb
  1933 | D:3      | Reached skill level 4 in Fighting
  2129 | D:3      | Reached XP level 5. HP: 37/44 MP: 5/5
  2222 | D:3      | Noticed Grinder
  2222 | D:3      | Noticed Terence
  2227 | D:3      | Killed Terence
  2229 | D:3      | Paralysed by Grinder for 5 turns
  2247 | D:3      | Killed Grinder
  2248 | D:3      | Reached XP level 6. HP: 39/53 MP: 6/6
  2308 | D:3      | Found an ancient bone altar of Kikubaaqudgha.
  2319 | D:3      | Reached skill level 5 in Fighting
  2411 | D:4      | Gained mutation: You curl defensively after being hit. (AC
                  | +7*) [Palentonga growth]
  2411 | D:4      | Reached XP level 7. HP: 59/59 MP: 7/7
  2413 | D:4      | Found a runed translucent gate.
  2413 | D:4      | Found a runed translucent gate.
  2413 | D:4      | Found a runed translucent gate.
  2413 | D:4      | Noticed ssalbiz's ghost (amateur DjFE)
  2471 | Abyss:1  | Cast into level 1 of the Abyss (kobold)
  2529 | Abyss:1  | Noticed a small abomination
  2545 | Abyss:1  | Killed a small abomination
  2546 | Abyss:1  | Reached skill level 5 in Axes
  2550 | Abyss:1  | Reached skill level 6 in Fighting
  2581 | Abyss:1  | Noticed a flying skull
  2582 | Abyss:1  | HP: 1/62 [small abomination (13)]
  2582 | Abyss:1  | Slain by a small abomination

Illustrated notes

Levels and vault maps discovered:
D:1:      psy_arrival_radial02, layout_loops_ring, basic_ecumenical_altar
D:2:      layout_basic, minmay_fountain_box, minivault_23
D:3:      layout_loops_cross, kennysheep_vampire_church, uniq_grinder,
          uniq_robin, uniq_terence, uniq_ijyb
D:4:      minmay_razor_zed, layout_gridville, grunt_gozag_statues,
          tso_metal_star, gammafunk_ghost_nasty_kobolds,
          kennysheep_generic_room_8
Abyss:1:  base: D:3, minivault_11

Skill      XL: |  1  2  3  4  5  6  7 |
---------------+----------------------+-----
Shields        | 3 4 |  4.2
Axes           | 3 4 5 |  5.3
Fighting       | 4 5 6 |  6.0
Armour         | 3 |  3.8

Action                   |  1- 3 |  4- 6 |  7- 9 || total
-------------------------+-------+-------+-------++-------
Melee: War axe           |   105 |    82 |    30 ||   217
       Tailslap          |     3 |     5 |     7 ||    15
 Abil: Rolling Charge    |    20 |    16 |     3 ||    39
  Use: Scroll            |     1 |     5 |       ||     6
Armor: Scale mail        |    66 |    70 |    16 ||   152
Dodge: Dodged            |    38 |    39 |     9 ||    86
Block: Buckler           |    23 |    18 |     6 ||    47
